 Dungeon Crawl Stone Soup version 0.21.1-1-g345015f (webtiles) character file.

398 kae the Insei (level 6, -4/41 HPs)
             Began as an Octopode Transmuter on May 30, 2018.
             Was an Initiate of Okawaru.
             Slain by an ogre
             ... wielding a +0 giant club
              (29 damage)
             ... on level 4 of the Dungeon.
             The game lasted 00:03:10 (3925 turns).

kae the Insei (Octopode Transmuter)                 Turns: 3925, Time: 00:03:10

Health: -4/41      AC:  2    Str:  9    XL:     6   Next: 83%
Magic:  7/10       EV: 22    Int: 15    God:    Okawaru [......]
Gold:   158        SH:  0    Dex: 24    Spells: 4/10 levels left

rFire    . . .     SeeInvis .     - Unarmed
rCold    . . .     Gourm    .   (shield currently unavailable)
rNeg     . . .     Faith    .   (helmet currently unavailable)
rPois    .         Spirit   .   (no amulet)
rElec    .         Reflect  .   g - ring of poison resistance
rCorr    .         Harm     .   h - +4 ring of dexterity
MR       .....                  (no ring)
Stlth    ++........             (no ring)
HPRegen  0.13/turn              (no ring)
MPRegen  0.12/turn              (no ring)
                                (no ring)
                                (no ring)

@: spider-form (expiring)
A: tiny, almost no armour, stealthy swim, (amphibious), 8 rings, (constrict 8)
a: End Transformation, Renounce Religion


You were on level 4 of the Dungeon.
You worshipped Okawaru.
Okawaru was noncommittal.
You were not hungry.
You were a venomous arachnid creature.
You visited 1 branch of the dungeon, and saw 4 of its levels.

You collected 158 gold pieces.

Inventory:

Missiles
 a - 67 arrows
Jewellery
 g - a ring of poison resistance (left front leg)
 h - a +4 ring of dexterity (right front leg)
Scrolls
 f - 2 scrolls of amnesia
 j - 2 scrolls of teleportation
Potions
 d - 2 potions of degeneration
 e - 3 potions of curing
 i - 2 potions of heal wounds {unknown}
 k - a potion of flight
 l - a potion of lignification {unknown}
 m - a potion of haste
Books
 b - a book of Changes

   Spells                             Type                      Level
   a - Beastly Appendage              Transmutation                1
   b - Sticks to Snakes               Transmutation                2
   c - Spider Form                    Transmutation/Poison         3
   d - Ice Form                       Ice/Transmutation            4
   e - Blade Hands                    Transmutation                5
Comestibles
 c - 9 rations


   Skills:
 + Level 2.4 Fighting
 + Level 3.0 Dodging
 * Level 4.7 Unarmed Combat
 + Level 2.8 Spellcasting
 * Level 4.2 Transmutations
 + Level 0.7 Invocations


You had 4 spell levels left.
You knew the following spells:

 Your Spells              Type           Power        Failure   Level  Hunger
a - Beastly Appendage     Tmut           ##....       12%         1    #......
b - Sticks to Snakes      Tmut           ##......     16%         2    ##.....
c - Spider Form           Tmut/Pois      #.........   47%         3    ###....


Dungeon Overview and Level Annotations

Branches:
Dungeon (4/15)
 Temple: D:4-7

Altars:
Cheibriados
Elyvilon
Okawaru
Sif Muna
Uskayaw

Shops:
D:4 }%

Annotations:
D:4 diana's ghost, amateur DsGl


Innate Abilities, Weirdness & Mutations

You cannot wear most types of armour.
You are very stealthy in the water. (Stealth+)
((You are amphibious.))
You can wear up to eight rings at the same time.
((You can use your tentacles to constrict eight enemies at once.))
((Your skin changes colour to match your surroundings (Stealth+).))
((Your rubbery body absorbs attacks. (AC +1, EV +1)))


Message History

The orc closely misses you.
You hit the orc but do no damage.
The orc is poisoned.
The orc is severely wounded.
The orc completely misses you. The frilled lizard bites you.
You hit the frilled lizard but do no damage.
The frilled lizard is poisoned.
You kill the frilled lizard!
Okawaru accepts your kill. The orc hits you with a mace!
You hit the orc but do no damage.
The orc looks as sick as possible!
The orc is almost dead.
You kill the orc!
Okawaru accepts your kill.
You hit the ogre.
The ogre is poisoned.
The ogre is moderately wounded.
You bite the ogre!
The ogre looks as sick as possible!
The ogre is heavily wounded.
The ogre hits you with a giant club!!
Ouch! That really hurt!
You die...

#.....∩..# #.........
#........# #.........
#........# #.$.......
#........# #.........
#........# #.........
#........# #.........
#........# #.†.......
####........#########.$.......
[..'............sO.##l........
####.._.........†#..#.........
.................'............
####....⌠.._.....##...........
#......[......###..########
##............# #..# #####
#..._...########..#####...###
#......+..............'.....)
##.....#########...####...##.


You could see an ogre.

Vanquished Creatures
  An ogre (D:4)
  2 orc wizards
  4 worker ants
  7 adders
  A shadow imp (D:3)
  2 worms (D:2)
  A dart slug (D:1)
  3 leopard geckos
  2 orcs
  6 giant cockroaches
  10 hobgoblins
  7 jackals
  5 kobolds
  3 quokkas
  2 ball pythons
  5 bats
  4 frilled lizards
  8 goblins
  9 rats
82 creatures vanquished.

Notes
Turn   | Place    | Note
-------+----------+-------------------------------------------
     0 | D:1      | kae the Octopode Transmuter began the quest for the Orb.
     0 | D:1      | Reached XP level 1. HP: 13/13 MP: 3/3
   518 | D:1      | Reached XP level 2. HP: 18/18 MP: 5/5
   802 | D:1      | Reached XP level 3. HP: 22/23 MP: 6/6
   811 | D:1      | Learned a level 2 spell: Sticks to Snakes
  1568 | D:2      | Reached XP level 4. HP: 28/28 MP: 5/7
  1577 | D:2      | Found a white marble altar of Elyvilon.
  1710 | D:2      | Found a deep blue altar of Sif Muna.
  2119 | D:2      | Learned a level 3 spell: Spider Form
  2131 | D:2      | Reached XP level 5. HP: 28/34 MP: 8/8
  3121 | D:4      | Noticed diana's ghost (amateur DsGl)
  3286 | D:4      | Reached XP level 6. HP: 28/39 MP: 9/9
  3420 | D:4      | Found a snail-covered altar of Cheibriados.
  3421 | D:4      | Found a hide-covered altar of Uskayaw.
  3423 | D:4      | Found an iron altar of Okawaru.
  3444 | D:4      | Became a worshipper of Warmaster Okawaru
  3543 | D:4      | Found Orghigya's Food Boutique.
  3624 | D:4      | Found Launky's Gadget Shoppe.
  3925 | D:4      | Slain by an ogre

Skill      XL: |  1  2  3  4  5  6 |
---------------+-------------------+-----
Transmutations | 3 4 |  4.2
Unarmed Combat | 4 |  4.7
Fighting       | 2 |  2.4
Dodging        | 3 |  3.0
Spellcasting   | |  2.8
Invocations    | |  0.7

Action                   |  1- 3 |  4- 6 || total
-------------------------+-------+-------++-------
Melee: Unarmed           |    81 |   117 ||   198
       Constrict         |    24 |    33 ||    57
       Tentacles         |    13 |    29 ||    42
       Kick              |    11 |    10 ||    21
       Punch             |     3 |     8 ||    11
 Cast: Beastly Appendage |    10 |     6 ||    16
       Sticks to Snakes  |       |     1 ||     1
       Spider Form       |       |     2 ||     2
  Use: Scroll            |       |     6 ||     6
 Stab: Sleeping          |     6 |     6 ||    12
  Eat: Chunk             |     2 |     8 ||    10
Armor: Skin              |     6 |     7 ||    13
Dodge: Dodged            |    49 |    67 ||   116
